Map: Cactus Valley LE (Void)

Players

Shamanas

  • Race: Terran Terran

EverZtelecoM (telecom) - Winner!

  • Race: Zerg Zerg

VOD

Have the link to the VOD?

Description

Time

  • Played on: May 2, 2015, 3:37 a.m.
  • Length: 24:15
Show
View Real Time Build Order
Export as new Build Order

Shamanas Terran 

Build Orders: Reaper Expand, Mech 

Get SALT Encoding   

  12  0:01  SCV  
  13  0:13  SCV  
  14  0:17  Supply Depot  
  14  0:25  SCV  
  15  0:39  Refinery  
  15  0:42  Barracks  
  15  0:44  SCV  
  16  0:56  SCV  
  17  1:09  SCV  
  18  1:22  SCV  
  19  1:32  Reaper  
  20  1:34  Orbital Command  
  20  1:47  Command Center  
  20  1:58  Supply Depot  
  20  2:02  SCV  
  20  2:05  Barracks Reactor  
  21  2:15  SCV  
  22  2:19  Factory  
  22  2:20  Refinery  
  22  2:27  SCV  
  23  2:39  SCV  
  24  2:48  Marine x2  
  26  2:52  SCV  
  27  2:59  Supply Depot  
  27  3:03  Factory Tech Lab  
  27  3:06  Marine x2  
  27  3:12  Bunker, Orbital Command  
  28  3:23  Supply Depot  
  28  3:26  Cyclone  
  31  3:28  Orbital Command  
  31  3:29  Marine x2  
  33  3:37  SCV  
  34  3:49  Marine x2  
  34  3:55  SCV x2  
  38  4:08  Marine x2  
  38  4:09  SCV  
  41  4:10  Command Center  
  41  4:20  SCV  
  41  4:22  SCV, Cyclone  
  46  4:28  Marine  
  46  4:29  Marine  
  48  4:32  SCV  
  48  4:34  Missile Turret  
  48  4:36  SCV  
  50  4:44  SCV  
  51  4:48  SCV  
  51  4:49  Marine  
  52  4:54  Cyclone, Factory  
  52  4:56  SCV  
  56  5:01  SCV, Starport  
  56  5:05  Refinery x2  
  57  5:08  SCV  
  57  5:10  Supply Depot  
  58  5:16  SCV  
  58  5:20  SCV  
  59  5:24  Orbital Command  
  59  5:29  Factory  
  59  5:30  Armory  
  59  5:33  Supply Depot  
  59  5:41  Infernal Pre-Igniter  
  59  5:42  Starport Tech Lab  
  59  5:43  SCV  
  59  5:44  SCV  
  60  5:52  Supply Depot  
  60  5:59  SCV x2  
  60  6:03  SCV  
  63  6:04  Banshee  
  63  6:06  Supply Depot  
  68  6:11  SCV  
  67  6:24  SCV x3  
  70  6:33  Factory Reactor  
  70  6:35  Siege Tank, Hellbat x2  
  70  6:36  SCV  
  72  6:50  Banshee  
  72  6:53  SCV x2  
  76  6:59  Hellbat x2  
  76  7:01  Cloaking Field  
  77  7:10  Orbital Command  
  77  7:17  Refinery  
  74  7:28  Hellion, Siege Tank, Hellbat x2  
  74  7:29  Hellion  
  81  7:32  Orbital Command  
  81  7:50  Factory  
  81  7:51  Supply Depot  
  81  7:52  Supply Depot  
  81  7:53  Supply Depot, Factory  
  81  7:54  Factory  
  81  7:55  Supply Depot  
  81  8:08  Terran Vehicle and Ship Weapons Level 1  
  81  8:12  Supply Depot  
  81  8:13  Banshee, Hellion, Hellbat  
  81  8:14  Hellbat x2  
  81  8:18  Siege Tank  
  95  8:24  Refinery  
  95  8:30  Hellion  
  95  8:33  Supply Depot, SCV x3  
  98  8:35  Factory Tech Lab  
  98  8:36  Factory Reactor  
  98  8:37  Starport  
  98  8:41  Hellbat x3  
  102  8:42  Hellbat  
  102  8:43  Factory Tech Lab  
  102  8:44  Missile Turret  
  102  8:45  SCV  
  102  8:46  Missile Turret  
  102  8:47  SCV x2  
  109  8:59  SCV x3  
  112  9:05  Siege Tank x3  
  112  9:07  Hellbat  
  112  9:08  Hellbat  
  125  9:14  Supply Depot  
  125  9:15  Supply Depot x2  
  125  9:18  Fusion Core  
  125  9:28  Missile Turret x2  
  125  9:31  Supply Depot x2  
  125  9:34  Command Center  
  125  9:35  Banshee, Hellbat x2  
  125  9:36  Supply Depot, Hellbat x2  
  136  9:42  Starport Reactor  
  136  9:46  Cyclone x2  
  136  9:51  Cyclone  
  141  10:10  SCV x3  
  141  10:11  Unknown  
  148  10:14  Hellbat x3  
  148  10:15  Hellbat  
  148  10:18  Cyclone, Raven  
  148  10:20  Refinery  
  156  10:22  Refinery  
  155  10:34  Cyclone x2  
  156  10:50  Cyclone  
  156  10:56  Hellbat x2  
  156  10:57  Hellbat x4  
  119  11:13  Engineering Bay  
  119  11:17  Cyclone  
  110  11:37  Cyclone x2  
  110  11:38  Banshee, Hellbat x4  
  110  11:39  Viking x2  
  115  12:00  Cyclone  
  105  12:03  Hellion x4  
  90  12:17  Cyclone  
  93  12:24  Banshee  
  93  12:25  Viking x2  
  93  12:29  Planetary Fortress  
  100  12:33  SCV x2  
  100  12:36  Cyclone  
  100  12:37  Cyclone  
  108  12:38  Hellion x6  
  120  12:45  SCV  
  121  12:54  Command Center  
  121  12:55  Cyclone  
  119  13:08  Missile Turret  
  119  13:09  Cyclone  
  122  13:17  Cyclone  
  122  13:18  Hellion x4  
  122  13:19  Hellion  
  135  13:23  Hellion x6  
  135  13:24  SCV, Missile Turret  
  135  13:25  SCV  
  135  13:26  Terran Vehicle and Ship Weapons Level 2  
  137  13:32  Banshee  
  140  13:54  Cyclone  
  143  13:56  Hellbat  
  143  13:57  Hellbat x6  
  155  14:07  Refinery  
  155  14:09  Orbital Command  
  153  14:16  Cyclone  
  152  14:17  Banshee  
  152  14:20  Hellion  
  152  14:21  Hellion x10  
  155  14:34  Viking x2  
  155  14:36  Cyclone  
  155  14:37  Hellbat  
  156  14:54  Cyclone  
  156  14:56  Hellbat x3  
  158  15:00  Viking  
  152  15:11  Cyclone x2  
  141  15:27  SCV x2  
  140  15:34  Hellbat x2  
  144  15:41  Command Center  
  144  15:43  SCV x3  
  147  15:51  SCV  
  148  16:06  Cyclone  
  148  16:07  Cyclone  
  154  16:14  Cyclone  
  154  16:15  Hellion x4  
  117  16:36  Hellbat x2  
  90  16:50  Cyclone x3  
  98  16:58  Planetary Fortress  
  95  17:04  Refinery  
  97  17:08  Hellbat x3  
  97  17:09  Hellbat x2  
  101  17:19  SCV  
  101  17:22  Cyclone  
  104  17:25  Refinery, Orbital Command  
  97  17:36  Hellbat x5  
  104  17:45  SCV  
  104  17:46  SCV  
  106  17:55  Viking x2  
  92  18:13  Cyclone  
  89  18:26  Cyclone x2  
  62  18:45  Hellbat x3  
  68  18:49  Raven  
  68  18:54  Cyclone  
  73  18:58  Cyclone  
  76  19:10  Cyclone  
  76  19:11  Hellbat  
  76  19:12  Hellbat  
  83  19:18  Missile Turret  
  83  19:19  Hellbat  
  83  19:22  Hellbat x2  
  89  19:27  Cyclone  
  92  19:31  Raven  
  92  19:36  Cyclone  
  97  19:42  Cyclone, Hellbat x2  
  104  19:55  Hellbat x2  
  104  19:56  SCV x2  
  104  19:59  Cyclone  
  113  20:04  Viking  
  115  20:07  Hellbat  
  115  20:08  Hellbat  
  117  20:14  Banshee  
  120  20:23  Cyclone  
  120  20:27  Hellbat x3  
  129  20:38  Cyclone  
  132  20:49  Hellbat x2  
  136  20:55  SCV x2  
  138  20:57  Cyclone x2  
  144  21:08  Viking x2  
  148  21:15  Hellbat x3  
  148  21:16  Hellbat x2  
  158  21:20  Cyclone  
  161  21:28  Supply Depot  
  155  21:34  Orbital Command  
  135  21:42  Cyclone  
  120  21:49  Banshee  
  119  21:55  Hellbat x3  
  119  22:00  SCV  
  109  22:10  Refinery x2  
  102  22:18  Cyclone x2  
  108  22:28  SCV x2  
  110  22:36  Hellbat x3  
  116  22:42  Cyclone  
  123  22:44  Hellbat x2  
  123  22:45  Hellbat  
  123  23:01  Cyclone x2  
  77  23:30  Cyclone  
  77  23:31  Hellbat x3  
  77  23:32  Hellbat  
Show
View Real Time Build Order
Export as new Build Order

EverZtelecoM Zerg - Winner!

Build Orders: Hatch First 

Get SALT Encoding   

  12  0:01  Drone  
  13  0:08  Drone  
  14  0:17  Overlord  
  14  0:25  Drone, Extractor  
  15  0:35  Drone  
  15  0:36  Drone  
  17  0:44  Drone  
  18  0:58  Hatchery  
  18  1:01  Drone  
  18  1:14  Spawning Pool  
  18  1:18  Drone  
  18  1:20  Drone  
  19  1:27  Drone  
  19  1:32  Extractor  
  19  1:43  Overlord  
  19  1:50  Drone  
  20  2:01  Queen  
  22  2:11  Queen  
  22  2:12  Zergling x4  
  22  2:15  Drone  
  27  2:23  Zergling x2  
  27  2:24  Zergling x2  
  29  2:32  Drone x2  
  29  2:36  Queen  
  33  2:37  Metabolic Boost  
  33  2:45  Drone x2  
  35  2:59  Drone  
  35  3:00  Overlord  
  35  3:05  Overlord  
  36  3:23  Drone x2  
  36  3:24  Drone  
  36  3:25  Drone  
  36  3:27  Drone x5  
  41  3:28  Drone  
  41  3:29  Drone  
  46  3:36  Drone  
  46  3:38  Drone  
  47  3:47  Drone  
  48  3:49  Extractor x2  
  48  3:52  Drone  
  48  3:54  Drone x4  
  48  3:55  Overlord  
  51  4:05  Zergling x4  
  51  4:09  Spine Crawler x2, Zergling x2  
  51  4:14  Zergling x2  
  51  4:15  Zergling x4  
  54  4:17  Zergling x2  
  54  4:19  Baneling Nest  
  54  4:22  Evolution Chamber  
  53  4:25  Zergling x6  
  53  4:26  Zergling x2  
  53  4:30  Zergling x4  
  59  4:35  Drone  
  60  4:39  Overlord  
  60  4:41  Overlord  
  59  4:50  Zerg Melee Weapons Level 1  
  59  4:53  Lair  
  59  4:55  Extractor  
  59  4:59  Drone x3  
  62  5:00  Drone  
  62  5:04  Baneling x4  
  62  5:08  Drone  
  62  5:12  Drone  
  63  5:15  Drone  
  63  5:21  Roach Warren  
  63  5:23  Drone x2  
  65  5:28  Overlord x2  
  65  5:32  Drone x2  
  65  5:34  Evolution Chamber, Queen  
  68  5:40  Zergling x2  
  69  5:45  Drone  
  70  5:56  Zergling x2  
  71  5:59  Hatchery  
  71  6:02  Glial Reconstitution  
  71  6:03  Roach x4  
  77  6:12  Roach x4  
  77  6:15  Roach  
  77  6:17  Baneling x3  
  77  6:18  Baneling  
  87  6:20  Baneling  
  87  6:21  Baneling x2  
  87  6:23  Roach  
  89  6:25  Overseer  
  89  6:27  Ravager x2  
  89  6:29  Roach  
  89  6:31  Roach  
  86  6:35  Roach x2  
  86  6:38  Roach  
  91  6:42  Roach x2  
  91  6:58  Overlord x3  
  91  6:59  Overlord x2  
  90  7:14  Roach x3  
  88  7:18  Roach x2  
  75  7:30  Roach  
  75  7:31  Roach  
  75  7:33  Roach x4  
  75  7:34  Spore Crawler  
  80  7:38  Spore Crawler  
  80  7:41  Zerg Missile Weapons Level 1  
  79  7:44  Spore Crawler, Hydralisk Den  
  79  7:46  Spore Crawler  
  79  7:48  Drone  
  79  7:49  Drone x4  
  81  7:51  Drone  
  81  7:56  Drone  
  83  8:00  Drone  
  83  8:01  Drone  
  85  8:07  Drone  
  86  8:13  Roach  
  86  8:15  Roach  
  86  8:16  Ravager x4  
  86  8:17  Ravager x3, Hydralisk  
  86  8:18  Hydralisk  
  101  8:20  Hydralisk  
  101  8:23  Hydralisk  
  101  8:26  Hydralisk  
  107  8:36  Muscular Augments  
  107  8:38  Overseer  
  107  8:41  Hydralisk x3  
  107  8:45  Hydralisk  
  115  8:49  Hydralisk  
  115  8:51  Hydralisk  
  119  8:58  Hydralisk x2  
  119  9:02  Extractor x2  
  121  9:04  Drone  
  121  9:07  Zergling x2  
  121  9:09  Zergling x2  
  124  9:15  Zergling x2  
  124  9:16  Zergling x4  
  127  9:21  Roach  
  127  9:22  Zerg Ground Armor Level 1  
  129  9:26  Roach x4  
  129  9:31  Overlord x2  
  137  9:34  Overlord  
  137  9:40  Drone  
  137  9:41  Infestation Pit  
  137  10:05  Hatchery  
  135  10:16  Zerg Missile Weapons Level 2, Roach x3  
  135  10:19  Hive  
  135  10:20  Burrow, Roach x2  
  143  10:22  Drone x3  
  143  10:26  Hydralisk  
  148  10:40  Overseer, Hydralisk x3  
  148  10:41  Hydralisk  
  156  10:43  Roach  
  121  11:06  Roach x10  
  141  11:12  Drone  
  141  11:13  Drone x3  
  141  11:15  Drone  
  125  11:39  Roach x5  
  129  11:47  Roach  
  129  11:48  Roach x3  
  129  11:49  Drone x2  
  129  11:50  Drone x5  
  129  11:51  Overlord x2  
  122  12:20  Roach x3  
  128  12:23  Infestor x3, Pathogen Glands  
  128  12:24  Infestor x5  
  128  12:28  Queen  
  146  12:32  Zergling x2  
  146  12:33  Zerg Melee Weapons Level 2  
  146  12:34  Hydralisk x7  
  147  12:39  Roach x5  
  147  12:40  Extractor x2  
  147  12:43  Zergling x2  
  146  12:45  Zergling x2  
  146  12:46  Zergling x2  
  146  12:51  Zergling x4  
  150  12:52  Hatchery  
  124  13:13  Roach  
  124  13:15  Roach x2  
  124  13:16  Roach x2  
  124  13:18  Roach x7  
  124  13:19  Roach x5  
  150  13:20  Roach  
  152  13:32  Zergling x6  
  152  13:33  Zerg Ground Armor Level 2  
  155  13:34  Zergling x2  
  155  13:35  Zergling x4  
  158  13:54  Zergling x2  
  158  13:55  Zergling x2  
  160  13:57  Overlord, Ultralisk Cavern  
  160  14:02  Zergling x2  
  125  14:25  Hydralisk x2  
  125  14:26  Hydralisk x8  
  125  14:27  Hydralisk x2  
  143  14:46  Roach x3  
  143  14:47  Roach x4  
  148  14:55  Ravager x4  
  148  14:58  Roach x3  
  150  15:04  Overseer  
  145  15:13  Overseer  
  135  15:15  Hydralisk  
  135  15:16  Hydralisk x2  
  139  15:44  Hatchery  
  138  15:50  Roach x2  
  138  15:51  Roach x2  
  138  15:56  Roach x2  
  150  16:02  Roach  
  150  16:03  Roach  
  152  16:17  Overlord x3  
  152  16:18  Overlord  
  122  16:34  Overlord  
  122  16:35  Overseer  
  122  16:36  Overseer x5  
  112  16:52  Roach x5  
  118  17:08  Drone x3  
  117  17:18  Roach x3  
  117  17:19  Roach x4  
  126  17:39  Hydralisk x5  
  126  17:40  Hydralisk  
  138  17:48  Drone x3  
  141  17:55  Hydralisk x2  
  143  18:02  Pneumatized Carapace  
  133  18:18  Hydralisk  
  133  18:19  Roach x2  
  117  18:28  Roach x4  
  121  18:38  Hydralisk x3  
  127  18:42  Drone x3  
  127  18:44  Zergling x4, Extractor  
  127  18:45  Extractor, Zergling x8  
  127  18:48  Overlord x3  
  134  19:09  Hatchery, Roach x2  
  137  19:13  Roach x2  
  137  19:15  Ravager x2  
  137  19:16  Ravager x2  
  145  19:19  Zergling x8  
  145  19:22  Zergling x6  
  152  19:27  Zergling x6  
  155  19:35  Drone  
  156  19:42  Zerg Ground Armor Level 3  
  156  19:47  Zerg Missile Weapons Level 3  
  156  19:52  Drone x2, Overlord  
  158  19:53  Overlord  
  158  20:06  Overlord x4  
  158  20:12  Spine Crawler  
  158  20:13  Spine Crawler  
  153  20:27  Roach x4  
  149  20:41  Roach  
  149  20:42  Roach x13  
  177  20:43  Roach  
  173  20:51  Hydralisk x3  
  173  20:54  Hydralisk  
  179  21:09  Overlord  
  179  21:10  Overlord x4  
  179  21:18  Overlord x3  
  166  21:34  Hydralisk x5  
  164  21:54  Hydralisk x3  
  148  21:55  Roach x7  
  148  21:59  Roach x2  
  167  22:04  Roach x3  
  173  22:10  Roach x3  
  175  22:18  Overseer x3  
  175  22:19  Overseer  
  175  22:23  Hydralisk x3  
  175  22:24  Hydralisk  
  183  22:32  Extractor  
  183  22:33  Extractor, Zergling x6  
  184  22:37  Overseer  
  184  22:42  Overlord x2  
  184  22:52  Overlord x2  
  184  22:53  Overlord  
  184  23:04  Hydralisk x3  
  186  23:10  Roach x9  
  165  23:26  Roach x11  
  151  23:48  Roach  
Tags
 
Add a new tag
Caveats
  • Supply blocks, unpowered buildings, or Contaminate may cause inaccurate times.
  • Supply counts are checked every 10 seconds.